 Dungeon Crawl Stone Soup version 0.30-a0-1163-gf69bf04e7a (webtiles) character file.

Game seed: 3527863910983193725

599203 superbruh the Minotaur Barricade (level 26, -13/239 HPs)
             Began as a Minotaur Monk on Apr 28, 2023.
             Was the Champion of the Shining One.
             Killed from afar by a purple draconian shifter (31 damage)
             ... with a bolt of dispelling energy
             ... led by a black draconian knight
             ... on level 5 of the Realm of Zot on Apr 29, 2023.
             The game lasted 02:24:04 (57638 turns).

superbruh the Minotaur Barricade (Minotaur Monk)   Turns: 57638, Time: 02:24:05

Health: -13/239    AC: 40    Str: 39    XL:     26   Next: 43%
Magic:  22/35      EV: 13    Int:  1    God:    the Shining One [******]
Gold:   2465       SH: 57    Dex: 18    Spells: 25/25 levels left

rFire   + . .        a - +9 broad axe (holy)
rCold   + + .        H - +8 tower shield {AC+3}
rNeg    + + +        Q - +0 gold dragon scales
rPois   +            (helmet unavailable)
rElec   +            Y - +1 cloak of Ethoder {Str+5 Dex+5}
rCorr   .            N - +1 pair of gloves "Daohor" {MP-9 Str+3 Dex+3}
SInv    .            W - +2 pair of boots of Pumpad Hiba {Contam rPois Will+}
Will    ++...        M - amulet of the Voracious Eggfruit {Reflect rElec rPois Int-3 Dex-2 SH+5} Stlth
                     l - ring "Ytwujuenu" {MP+9 AC+4 Dex+3}
HPRegen 0.59/turn    Z - ring of Otixzexe {rF+ rC+}
MPRegen 0.24/turn

%: random rage (3%), reflection
@: divinely shielded, on berserk cooldown, slowed, glowing, studying 3 skills,
very slow
A: horns 3, retaliatory headbutt, large bone plates 1, berserk 1, clumsy 2,
dopey 1, frail 1, strong 1, teleportitis 1, heat vulnerability 1
}: 3/15 runes: serpentine, barnacled, silver
a: Renounce Religion, Divine Shield, Cleansing Flame, Summon Divine Warrior


You were on level 5 of the Realm of Zot.
You worshipped the Shining One.
The Shining One was exalted by your worship.
You visited 10 branches of the dungeon, and saw 48 of its levels.
You visited the Abyss 1 time.
You visited 1 bazaar.
You also visited: Gauntlet.

You collected 6675 gold pieces.
You spent 4210 gold pieces at shops.

Inventory:

Hand Weapons
 a - a +9 broad axe of holy wrath (weapon)
 b - the +8 broad axe "Raisin" {freeze, rPois rF+ Int+3 Dex-2}
   (You took it off a vault guard on level 5 of the Vaults)

   Int:       It affects your intelligence (+3).
   Dex:       It affects your dexterity (-2).
   rF:        It protects you from fire.
   rPois:     It protects you from poison.
 d - the +8 trishula "Condemnation" {holy, anguish, *Noise Fly rN+}
   (You found it on level 4 of the Shoals)

   rN:        It protects you from negative energy.
   Fly:       It grants you flight.
   *Noise:    It may make noises in combat.
 B - the +5 Lochaber axe {reach-cleave, Poleaxe Drain}
   (You found it on level 4 of the Shoals)

   Poleaxe:   It uses either Axes or Polearms skill, whichever is higher.
   Drain:     It drains your maximum health when unequipped.
Armour
 r - a +0 crystal plate armour
 H - a +8 tower shield of protection (worn)
 N - the +1 pair of gloves "Daohor" (worn) {MP-9 Str+3 Dex+3}
   (You found it on level 2 of the Depths)

   Str:       It affects your strength (+3).
   Dex:       It affects your dexterity (+3).
   MP:        It affects your magic capacity (-9).
 Q - +0 gold dragon scales (worn)
 W - the +2 pair of boots of Pumpad Hiba (worn) {Contam rPois Will+}
   (You found it on level 10 of the Dungeon)

   rPois:     It protects you from poison.
   Contam:    It causes magical contamination when unequipped.
   Will:      It increases your willpower.
 Y - the +1 cloak of Ethoder (worn) {Str+5 Dex+5}
   (You found it in a Gauntlet)

   Str:       It affects your strength (+5).
   Dex:       It affects your dexterity (+5).
Jewellery
 e - a ring of willpower
 l - the ring "Ytwujuenu" (left hand) {MP+9 AC+4 Dex+3}
   (You took it off a fire giant on level 5 of the Vaults)

   [ring of protection]

   AC:        It affects your AC (+4).
   Dex:       It affects your dexterity (+3).
   MP:        It affects your magic capacity (+9).
 o - a +5 ring of evasion
 p - a +6 ring of strength
 s - the amulet of the Thistle {RegenMP Harm Regen+ Stlth+}
   (You found it on level 2 of the Depths)

   [amulet of magic regeneration]

   It increases your rate of magic regeneration.
   Regen:     It increases your rate of health regeneration.
   Harm:      It increases damage dealt and taken.
   Stlth:     It makes you more stealthy.
 u - a ring of protection from cold
 w - a ring of resist corrosion
 y - the ring of Jealousy {Drain rElec rN+ Str+8 SInv}
   (You bought it in a shop on level 2 of the Orcish Mines)

   [ring of see invisible]

   Str:       It affects your strength (+8).
   rElec:     It insulates you from electricity.
   rN:        It protects you from negative energy.
   SInv:      It lets you see invisible.
   Drain:     It drains your maximum health when unequipped.
 C - the ring "Boapueno" {Fire rElec Will- Int+4 SInv}
   (You found it on level 2 of the Depths)

   [ring of fire]

   It enhances your fire magic.
   Int:       It affects your intelligence (+4).
   rF:        It protects you from fire.
   rC:        It makes you vulnerable to cold.
   rElec:     It insulates you from electricity.
   SInv:      It lets you see invisible.
   Will:      It decreases your willpower.
 E - a ring of protection from cold
 G - a ring of protection from fire
 M - the amulet of the Voracious Eggfruit (around neck) {Reflect rElec rPois Int-3 Dex-2 SH+5}
   (You bought it in a shop on level 1 of the Vaults)

   [amulet of reflection]

   It reflects blocked missile attacks.
   Int:       It affects your intelligence (-3).
   Dex:       It affects your dexterity (-2).
   rElec:     It insulates you from electricity.
   rPois:     It protects you from poison.
   SH:        It affects your SH (+5).
 P - a ring of willpower
 Z - the ring of Otixzexe (right hand) {rF+ rC+}
   (You took it off a yaktaur on level 5 of the Vaults)

   [ring of protection from fire]

   rF:        It protects you from fire.
   rC:        It protects you from cold.
Wands
 c - a wand of digging (12)
 g - a wand of charming (37)
 q - a wand of polymorph (23)
 A - a wand of mindburst (93)
 I - a wand of roots (43)
 J - a wand of flame (69)
 K - a wand of acid (26)
Scrolls
 f - 9 scrolls of fear
 j - 21 scrolls of teleportation
 m - 2 scrolls of enchant weapon
 t - 6 scrolls of fog
 x - 9 scrolls of magic mapping
 F - 3 scrolls of brand weapon
 S - 3 scrolls of silence
 V - a scroll of summoning
 X - 3 scrolls of enchant armour
Potions
 h - 12 potions of haste
 i - 4 potions of resistance
 k - 9 potions of curing
 n - a potion of brilliance
 v - 5 potions of magic
 z - a potion of berserk rage
 D - 8 potions of mutation
 R - a potion of might
 U - 3 potions of cancellation
Miscellaneous
 L - a phantom mirror
 O - a tin of tremorstones (2/2)
 T - a piece from Xom's chessboard (15/15)


   Skills:
 O Level 27 Fighting
 O Level 27 Axes
 + Level 21.6 Armour
 + Level 9.1 Dodging
 - Level 1.9 Stealth
 O Level 27 Shields
 * Level 19.9 Invocations


You had 25 spell levels left.
You didn't know any spells.
Your spell library contained the following spells:

 Spells                   Type           Power      Damage    Failure   Level
 Beastly Appendage        Tmut           0%         N/A       98%         1
 Foxfire                  Conj/Fire      0%         2x1d4     98%         1
 Kiss of Death            Conj/Necr      0%         2d5       98%         1
 Sandblast                Erth           0%         2d4       98%         1
 Summon Small Mammal      Summ           0%         N/A       98%         1
 Cigotuvi's Dreadful Rot  Necr/Pois/Air  0%         N/A       99%         2
 Ensorcelled Hibernation  Hex/Ice        0%         N/A       99%         2
 Lesser Beckoning         Tloc           0%         N/A       99%         2
 Passwall                 Tmut/Erth      0%         N/A       99%         2
 Scorch                   Fire           0%         2d5       99%         2
 Searing Ray              Conj           0%         2d4       99%         2
 Sublimation of Blood     Necr           0%         N/A       99%         2
 Wereblood                Tmut           0%         N/A       99%         2
 Call Canine Familiar     Summ           0%         N/A       100%        3
 Confusing Touch          Hex            0%         N/A       100%        3
 Dazzling Flash           Conj/Hex       0%         N/A       100%        3
 Gell's Gravitas          Tloc           0%         N/A       100%        3
 Hailstorm                Conj/Ice       0%         3d3       100%        3
 Ignite Poison            Fire/Tmut/Pois 0%         N/A       100%        3
 Inner Flame              Hex/Fire       0%         N/A       100%        3
 Mephitic Cloud           Conj/Pois/Air  0%         N/A       100%        3
 Spider Form              Tmut/Pois      0%         N/A       100%        3
 Stone Arrow              Conj/Erth      0%         3d7       100%        3
 Summon Guardian Golem    Hex/Summ       0%         N/A       100%        3
 Swiftness                Air            0%         N/A       100%        3
 Teleport Other           Tloc           0%         N/A       100%        3
 Vhi's Electric Charge    Tloc/Air       0%         N/A       100%        3
 Volatile Blastmotes      Fire/Tloc      0%         2d10      100%        3
 Anguish                  Hex/Necr       0%         N/A       100%        4
 Animate Armour           Summ/Erth      0%         N/A       100%        4
 Cause Fear               Hex            0%         N/A       100%        4
 Dispel Undead            Necr           0%         3d6       100%        4
 Flame Wave               Conj/Fire      0%         2d4       100%        4
 Ice Form                 Ice/Tmut       0%         N/A       100%        4
 Iskenderun's Mystic Bla  Conj/Tloc      0%         2d3       100%        4
 Passage of Golubria      Tloc           0%         N/A       100%        4
 Sticky Flame             Conj/Fire      0%         2d3       100%        4
 Summon Ice Beast         Ice/Summ       0%         N/A       100%        4
 Agony                    Necr           0%         N/A       100%        5
 Alistair's Intoxication  Tmut/Pois      0%         N/A       100%        5
 Arcjolt                  Conj/Air       0%         1d10      100%        5
 Borgnjor's Vile Clutch   Necr/Erth      0%         N/A       100%        5
 Fireball                 Conj/Fire      0%         3d3       100%        5
 Freezing Cloud           Conj/Ice/Air   0%         6-21      100%        5
 Iskenderun's Battlesphe  Conj           0%         2d6       100%        5
 Silence                  Hex/Air        0%         N/A       100%        5
 Summon Forest            Summ/Tloc      0%         N/A       100%        5
 Summon Mana Viper        Hex/Summ       0%         N/A       100%        5
 Conjure Ball Lightning   Conj/Air       0%         3x3d6     100%        6
 Death Channel            Necr           0%         N/A       100%        6
 Dispersal                Tloc           0%         N/A       100%        6
 Eringya's Noxious Bog    Tmut/Pois      0%         N/A       100%        6
 Simulacrum               Ice/Necr       0%         N/A       100%        6
 Starburst                Conj/Fire      0%         6d3       100%        6
 Summon Cactus Giant      Summ           0%         N/A       100%        6
 Enfeeble                 Hex            0%         N/A       100%        7
 Monstrous Menagerie      Summ           0%         N/A       100%        7
 Orb of Destruction       Conj           0%         9d5       100%        7
 Spellforged Servitor     Conj/Summ      0%         N/A       100%        7
 Summon Hydra             Summ           0%         N/A       100%        7
 Discord                  Hex            0%         N/A       100%        8
 Disjunction              Tloc           0%         N/A       100%        8
 Ignition                 Fire           0%         3d3       100%        8
 Lehudib's Crystal Spear  Conj/Erth      0%         10d2      100%        8
 Maxwell's Capacitive Co  Air            0%         ∞         100%        8
 Summon Horrible Things   Summ           0%         N/A       100%        8
 Chain Lightning          Conj/Air       0%         N/A       100%        9


Dungeon Overview and Level Annotations

Branches:
Dungeon (15/15)            Temple (1/1) D:4            Lair (5/5) D:9
 Shoals (4/4) Lair:3        Snake (4/4) Lair:3        Slime (0/5) Lair:5
    Orc (2/2) D:9             Elf (3/3) Orc:2        Vaults (5/5) D:14
  Crypt (0/3) Vaults:3     Depths (4/4) D:15            Zot (5/5) Depths:4
Gauntlet (visited)

Altars:
Ashenzari
Cheibriados
Dithmenos
Elyvilon
Fedhas
Gozag
Hepliaklqana
Kikubaaqudgha
Makhleb
Nemelex Xobeh
Okawaru
Qazlal
Ru
Sif Muna
Trog
Uskayaw
Vehumet
Wu Jian
Xom
Yredelemnul
Zin
The Shining One
Jiyva

Shops:
Orc:1 (   Orc:2 ?((=*   Elf:1 :   Elf:2 :=   Shoals:1 (   Snake:3 =!
Snake:4 ?*[:   Vaults:1 *=(   Vaults:3 (   Vaults:4 *

Portals:
Hell: Depths:1* Depths:2 Depths:3 Depths:4
Abyss: Depths:1 Depths:3
Pandemonium: Depths:1 Depths:2 Depths:4
Ziggurat: Depths:4

Annotations:
Depths:1 1 runed translucent door, Olanal's ghost, veteran AtFi
Zot:3 4 transporters


Innate Abilities, Weirdness & Mutations

You have a pair of large horns on your head.
You reflexively headbutt those who attack you in melee.
You are partially covered in large bone plates. (SH +4)
You sometimes lose your temper in combat.
You are very clumsy. (Dex -4)
You are dopey. (Int -2)
You are frail. (-10% HP)
Your muscles are strong. (Str +4, Int/Dex -1)
You are occasionally teleported next to monsters.
You are vulnerable to heat. (rF-)


Message History

You slice the Killer Klown!! You slash the purple draconian shifter!
You hear a roar!
A black draconian knight comes into view.
It is wielding a +0 glaive.
The black draconian knight roars!
The Killer Klown blinks!
The black draconian knight breathes lightning at you.
The bolt of lightning hits you! You resist.
* * * LOW HITPOINT WARNING * * *
The purple draconian shifter breathes dispelling energy at you.
The bolt of dispelling energy hits you!
* * * LOW HITPOINT WARNING * * *
An ancient lich comes into view.
The purple draconian shifter casts a spell at you.
You blink.
A white draconian and a black draconian come into view.
You hear a roar!
You feel a strong urge to attack something.
The white draconian roars!
You block the white draconian's attack.
A black draconian comes into view. It is wielding a +0 mace.
The purple draconian shifter breathes dispelling energy at you.
The bolt of dispelling energy hits you!
* * * LOW HITPOINT WARNING * * *
You block the black draconian knight's attack.
A green draconian comes into view. It is wielding a +0 scimitar.
You feel a genetic drift.
You feel clumsy.
You no longer feel a malignance within.
You are no longer berserk.
You are exhausted.
You feel yourself slow down.
You closely miss the black draconian knight.
You slice the ancient lich!!
The ancient lich convulses.
The black draconian knight breathes lightning at you.
The bolt of lightning hits you! You resist.
* * * LOW HITPOINT WARNING * * *
A purple draconian comes into view.
It is wielding a +2 hand axe of flaming.
The purple draconian shifter breathes dispelling energy at you.
The bolt of dispelling energy hits you!!
Your magical effects are unravelling.
You die...

...,,,,.......##....## ##
....,,,.......^...### #
....8##▓▓▓▓▓▓▓▓▓▓▓#
......p.......▓▓▓▓
..........)))....▓##
.......§..).†.^....## *
^........§q[.)......# ********* *
....^.^........^....▓**,,,,,,,***
................@...▓*,,,,,,,,,**
...^...^?...q..Lq.dd▓,,,,,,,,,,,*
?........).........^d...,,,,,,,,,
....................▓d..,,^,,,,,*
,........^...^......▓*.^,,,^,,,**
,,..................▓**.^,,,,,***
,,,,................▓ ********* *
,,,,...............▓▓ *
,,,,........^..^.▓▓*


You could see a black draconian knight (catching breath), an ancient lich, 2
draconians, a purple draconian, a white draconian and 2 draconians.

Vanquished Creatures
  2 dread liches
  3 ancient liches (Zot:5)
  5 orbs of fire
  Mara (Shoals:4)
  Sojobo (Depths:2)
  A Killer Klown (Zot:5)
  4 curse toes
  8 golden dragons
  The ghost of mattengel8991 the Warrior, an adept DsGl of Ru (Elf:3)
  2 bone dragons (Depths:4)
  An electric golem (Zot:5)
  23 tentacled monstrosities
  A walking crystal tome (Depths:3)
  23 Orb Guardians (Zot:5)
  5 liches
  6 titans
  3 deep elf blademasters
  A deep elf master archer (Elf:3)
  4 quicksilver dragons
  An acid blob (Zot:5)
  11 death cobs
  A walking divine tome (Depths:2)
  3 sphinxes
  Gastronok (D:9)
  8 storm dragons
  Polyphemus (Shoals:4)
  The ghost of Busoho the Hoplite, an adept MiFi of Okawaru (Shoals:2)
  12 tengu reavers
  The ghost of Qiytos the Severer, an adept MiMo of Ashenzari (Snake:3)
  13 shadow dragons
  3 nagarajas
  4 draconian knights
  10 fire giants
  14 draconian monks
  Louise (Shoals:4)
  8 frost giants
  17 vault wardens
  8 deep elf sorcerers
  3 draconian scorchers
  An iron dragon (Vaults:5)
  3 draconian shifters
  A spriggan defender (Depths:3)
  2 orc warlords
  Aizul (Snake:2)
  4 deep elf elementalists (Elf:3)
  2 ghost moths
  3 war gargoyles
  2 draconian annihilators (Zot:4)
  17 ironbound preservers
  12 very ugly things
  15 ironbound thunderhulks
  6 draconian stormcallers
  8 vampire knights
  12 stone giants
  4 white draconians
  Nessos (Lair:5)
  10 green draconians
  2 deep elf demonologists
  10 black draconians
  3 demonspawn black suns (Zot:1)
  7 spark wasps
  13 deep elf annihilators
  13 yellow draconians
  17 dire elephants
  A minotaur (Gauntlet)
  A lorocyproca (Depths:2)
  10 red draconians
  7 purple draconians
  3 deep elf death magi (Elf:3)
  2 crystal guardians (Vaults:3)
  4 merfolk javelineers
  Josephine (D:15)
  9 fire dragons
  A mummy priest (Depths:2)
  The ghost of cheesebisquit the Grappler, a journeyman TrGl of Okawaru (D:11)
  6 ettins
  6 merfolk impalers
  18 yaktaur captains
  A blizzard demon (Depths:4)
  5 jiangshi (Depths:3)
  3 great orbs of eyes
  An entropy weaver (Vaults:4)
  6 deep elf high priests
  34 vault guards
  3 rakshasas
  2 catoblepae
  Erolcha (D:9)
  2 hydras
  5 ice dragons
  3 ogre magi
  4 spriggan air magi
  4 anacondas
  4 peacekeepers
  13 centaur warriors
  2 salamander tyrants
  29 dancing weapons
  14 ironbound frosthearts
  An alligator snapping turtle (Shoals:3)
  7 merfolk avatars
  14 two-headed ogres
  2 merfolk aquamancers
  2 death scarabs (Gauntlet)
  5 tengu warriors
  7 death yaks
  5 boulder beetles
  6 deep troll shamans
  8 deep troll earth magi
  4 vampire magi
  An orc high priest (Elf:1)
  A shock serpent (shapeshifter) (Elf:1)
  The ghost of jejorda2 the Impaler, a novice MfBe of Trog (D:8)
  13 naga warriors
  Nergalle (D:11)
  5 naga sharpshooters
  5 shock serpents
  8 spriggan berserkers
  Amaemon (Lair:1)
  3 hell knights
  7 iron trolls
  20 deep elf knights
  3 salamander mystics
  3 skysharks
  A shadow wraith (Vaults:5)
  2 spectral death yaks (Gauntlet)
  12 sea snakes
  2 sixfirhies
  5 skeletal warriors (D:15)
  A flayed ghost (Depths:3)
  2 shadow demons (Depths:2)
  4 glowing orange brains
  A glowing orange brain (shapeshifter) (D:8)
  46 deep trolls
  10 lindwurms
  An obsidian statue (Elf:3)
  8 phantasmal warriors
  A tengu zombie (Vaults:4)
  19 deep elf archers
  3 naga ritualists
  9 wizards
  32 deep elf zephyrmancers
  12 harpies
  6 necromancers
  11 orc knights
  26 deep elf pyromancers
  9 mana vipers
  20 ironbound convokers
  45 ugly things
  A tengu skeleton (Vaults:1)
  2 human zombies
  10 fauns
  The ghost of qeuew the Firebug, a novice DgFE (D:7)
  16 salamanders
  11 cyclopes
  A fire giant zombie (Vaults:1)
  22 manticores
  3 orc sorcerers
  21 slime creatures
  11 moths of wrath
  7 merfolk sirens
  Maurice (D:9)
  14 naga magi
  A centaur zombie (D:15)
  7 elephants
  18 black mambas
  5 torpor snails (Lair:5)
  6 water nymphs
  2 orange demons
  22 vault sentinels
  8 guardian serpents
  A minotaur zombie (Gauntlet)
  A guardian serpent (shapeshifter) (D:13)
  A centaur skeleton (D:15)
  3 unseen horrors (D:12)
  5 cane toads
  4 gargoyles
  Maggie (D:9)
  An efreet (D:12)
  46 yaktaurs
  3 rime drakes
  Psyche (D:11)
  2 kobold demonologists
  A freezing wraith (Vaults:3)
  11 komodo dragons
  An ice devil (Depths:4)
  6 trolls
  5 tengu conjurers
  2 red devils
  An ancient zyme (Abyss:1)
  4 hellwings
  3 polar bears
  20 merfolk
  A queen bee (Gauntlet)
  6 meliai
  3 tyrant leeches (Lair:5)
  8 wind drakes
  9 hornets
  2 blink frogs (Lair:3)
  Grinder (D:6)
  13 snapping turtles
  14 dream sheep
  An air elemental (Elf:1)
  Sigmund (D:5)
  3 shadows
  2 centaur simulacra
  2 vampires (D:12)
  10 wraiths
  9 water elementals
  4 small abominations (Abyss:1)
  60 yaks
  2 ynoxinuls
  3 fire elementals
  3 basilisks
  A spectral komodo dragon (Gauntlet)
  A basilisk (shapeshifter) (Elf:2)
  An elf skeleton (Vaults:4)
  7 wyverns
  4 spriggans
  A golden eye (shapeshifter) (Elf:3)
  A chaos spawn (Gauntlet)
  5 vampire mosquitoes
  3 steam dragons
  3 neqoxecs
  4 wargs
  A spectral cane toad (Gauntlet)
  3 swamp worms (Lair:1)
  41 nagas
  2 swamp worms (shapeshifter)
  Edmund (D:4)
  14 water moccasins
  2 acid dragons
  A large abomination (Abyss:1)
  5 hell hounds (Depths:2)
  An ice beast (D:7)
  25 orc warriors
  5 black bears
  11 ogres
  2 sky beasts (D:6)
  12 wolves
  2 boggarts
  A boggart (shapeshifter) (D:8)
  20 centaurs
  3 phantoms
  10 bullfrogs
  An earth elemental (Elf:2)
  A gnoll sergeant (D:6)
  An ogre simulacrum (Vaults:4)
  An entropy weaver simulacrum (Vaults:4)
  5 scorpions
  10 wights
  17 killer bees
  2 electric eels (Lair:5)
  4 howler monkeys
  4 lava snakes (Lair:3)
  An iron imp (Abyss:1)
  3 hounds (D:4)
  4 jellies
  16 orc priests
  A gnoll bouda (D:6)
  2 sleepcaps (D:4)
  5 iguanas
  22 orc wizards
  A boggart skeleton (D:15)
  Robin (D:4)
  11 gnolls
  3 adders
  A river rat (shapeshifter) (D:8)
  7 white imps
  An ufetubus (D:6)
  2 dart slugs
  75 orcs
  10 ball pythons
  3 bats
  5 endoplasms
  2 giant cockroaches
  15 goblins
  13 hobgoblins
  7 jackals (D:1)
  2 quokkas
  6 frilled lizards
  2 kobolds
  6 rats
  A plant (Lair:1)
1949 creatures vanquished.

Vanquished Creatures (collateral kills)
  A caustic shrike (Depths:3)
  A golden dragon (Depths:3)
  2 liches
  A walking earthen tome (Depths:3)
  A tentacled starspawn (Abyss:1)
  A draconian knight (Zot:4)
  A tengu reaver (Depths:3)
  A fire giant (Depths:3)
  3 draconian shifters
  A frost giant (Depths:3)
  A draconian stormcaller (Zot:1)
  2 stone giants
  A red draconian (Zot:4)
  An ettin (Depths:2)
  An entropy weaver (shapeshifter) (Vaults:5)
  2 merfolk javelineers (Shoals:4)
  2 fire dragons (Depths:3)
  A hydra (Lair:3)
  A rakshasa (Depths:3)
  The ghost of SingularityParadox the Cleaver, a journeyman GnRe of Wu Jian (D:9)
  2 ogre magi
  An ice dragon (Depths:3)
  A salamander tyrant (Snake:4)
  A merfolk aquamancer (Shoals:4)
  A spriggan air mage (Depths:3)
  2 centaur warriors (D:15)
  An anaconda (Snake:4)
  A two-headed ogre (D:15)
  A boulder beetle (D:9)
  A death yak (Lair:4)
  A naga warrior (Snake:4)
  A tengu warrior (D:15)
  A shock serpent (Snake:3)
  A deep troll earth mage (Depths:3)
  5 orc high priests
  3 naga sharpshooters (Snake:4)
  A spriggan (Depths:3)
  A sixfirhy (Abyss:1)
  A wretched star (Abyss:1)
  A wizard (Depths:3)
  A deep elf pyromancer (Elf:3)
  2 orc knights
  A lindwurm (Lair:5)
  A deep elf zephyrmancer (D:15)
  An orc sorcerer (Orc:2)
  A mana viper (Snake:2)
  4 salamanders
  An ugly thing (D:12)
  A merfolk siren (Shoals:4)
  2 naga magi (Snake:3)
  2 black mambas (Snake:2)
  2 guardian serpents
  A water nymph (Shoals:4)
  A gargoyle (D:12)
  A tormentor (Abyss:1)
  A kobold demonologist (Depths:2)
  A tengu conjurer (D:15)
  2 merfolk (Shoals:4)
  A troll (D:15)
  2 hornets
  3 blink frogs (Lair:3)
  A snapping turtle (Shoals:4)
  A wyvern (D:9)
  2 wraiths (D:12)
  7 nagas
  4 orc warriors
  4 wolves (Lair:3)
  A boggart (Depths:2)
  A centaur (shapeshifter) (Depths:2)
  3 centaurs (D:15)
  A kobold brigand (D:9)
  A bullfrog (Lair:3)
  An orc priest (Orc:2)
  An orc wizard (Orc:2)
  A small abomination (Abyss:1)
  2 orcs (Orc:2)
  A starspawn tentacle (Abyss:1)
118 creatures vanquished.

Vanquished Creatures (others)
  A draconian monk (Zot:1)
  A fire giant (Depths:2)
  A draconian scorcher (Zot:5)
  2 deep elf knights
  A deep elf pyromancer (Elf:2)
  2 manticores (Depths:2)
  A tengu (shapeshifter) (Depths:2)
  4 bushes (Elf:3)
  68 fungi
  116 plants
  5 starspawn tentacles (Abyss:1)
202 creatures vanquished.

Grand Total: 2269 creatures vanquished

Notes
Turn   | Place    | Note
-------+----------+-------------------------------------------
     0 | D:1      | superbruh the Minotaur Monk began the quest for the Orb.
     0 | D:1      | Reached XP level 1. HP: 19/19 MP: 0/0
   184 | D:1      | Reached XP level 2. HP: 20/27 MP: 1/1
   688 | D:2      | Reached XP level 3. HP: 23/33 MP: 2/2
  1230 | D:2      | Found a faded altar of an unknown god.
  1403 | D:2      | Prayed at the altar of an unknown god.
  1403 | D:2      | Became a worshipper of Elyvilon the Healer
  1403 | D:2      | Reached * piety under Elyvilon
  1403 | D:2      | Reached ** piety under Elyvilon
  1496 | D:2      | Reached *** piety under Elyvilon
  1857 | D:3      | Reached XP level 4. HP: 27/41 MP: 3/3
  2255 | D:3      | Reached skill level 1 in Armour
  2656 | D:4      | Found a staircase to the Ecumenical Temple.
  2671 | D:4      | Reached skill level 5 in Axes
  2683 | Temple   | Entered the Ecumenical Temple
  2683 | Temple   | Found a transporter.
  2683 | Temple   | Found a transporter.
  2685 | Temple   | Found a transporter.
  2685 | Temple   | Found a transporter.
  2737 | Temple   | Fell from the grace of Elyvilon
  2737 | Temple   | Became a worshipper of the Shining One
  2737 | Temple   | Reached * piety under the Shining One
  2796 | D:4      | Noticed Edmund
  2814 | D:4      | Reached XP level 5. HP: 20/47 MP: 4/4
  2815 | D:4      | Killed Edmund
  2816 | D:4      | Reached ** piety under the Shining One
  2817 | D:4      | Reached XP level 6. HP: 33/55 MP: 5/5
  3181 | D:4      | Found a white marble altar of Elyvilon.
  3185 | D:4      | Reached skill level 5 in Fighting
  3329 | D:4      | Reached XP level 7. HP: 54/61 MP: 6/6
  3376 | D:4      | Noticed Robin
  3392 | D:4      | Killed Robin
  3411 | D:4      | Noticed a hornet
  3417 | D:4      | Killed a hornet
  3427 | D:4      | Reached skill level 5 in Armour
  3718 | D:5      | Entered Level 5 of the Dungeon
  3757 | D:5      | Reached XP level 8. HP: 58/70 MP: 7/7
  3823 | D:5      | Noticed Sigmund
  3831 | D:5      | Killed Sigmund
  4585 | D:6      | Reached skill level 10 in Axes
  4727 | D:6      | Reached XP level 9. HP: 57/78 MP: 8/8
  4827 | D:6      | Reached *** piety under the Shining One
  4866 | D:6      | Reached skill level 1 in Stealth
  5226 | D:6      | Noticed Grinder
  5238 | D:6      | Killed Grinder
  5422 | D:7      | Found a large runed translucent door.
  5427 | D:7      | Found a large runed translucent door.
  5429 | D:7      | Noticed qeuew's ghost (novice DgFE)
  5973 | D:7      | Reached **** piety under the Shining One
  6139 | D:7      | You are sucked into a shaft and drop 1 floor!
  6265 | D:8      | Found a glowing silver altar of Zin.
  6269 | D:8      | Found a shimmering blue altar of Sif Muna.
  6292 | D:8      | Reached XP level 10. HP: 83/88 MP: 9/9
  6383 | D:8      | Found a runed translucent gate.
  6383 | D:8      | Found a runed translucent gate.
  6384 | D:8      | Noticed a red ugly thing
  6385 | D:8      | Noticed a purple ugly thing
  6385 | D:8      | Noticed a green ugly thing
  6386 | D:8      | Found a runed translucent gate.
  6386 | D:8      | Noticed a brown ugly thing
  7055 | D:8      | Noticed a glowing orange brain
  7243 | D:9      | Found a staircase to the Orcish Mines.
  7386 | D:9      | Reached skill level 1 in Invocations
  7412 | D:9      | Found a runed translucent gate.
  7412 | D:9      | Found a runed translucent gate.
  7412 | D:9      | Found a runed translucent gate.
  7414 | D:9      | Found an opulent altar of Gozag.
  7415 | D:9      | Noticed a boulder beetle
  7419 | D:9      | Noticed SingularityParadox's ghost (journeyman GnRe)
  7421 | D:9      | Noticed Gastronok
  7427 | D:9      | Reached ***** piety under the Shining One
  7442 | D:9      | Killed Gastronok
  7749 | D:9      | Found a staircase to the Lair.
  7758 | D:9      | Reached skill level 10 in Fighting
  7759 | D:9      | Reached XP level 11. HP: 85/99 MP: 10/12
  7828 | D:9      | Noticed Maurice
  7843 | D:9      | Killed Maurice
  7844 | D:9      | Reached skill level 5 in Dodging
  7875 | D:9      | Reached skill level 15 in Axes
  8136 | D:9      | Noticed Erolcha
  8136 | Abyss:1  | Cast into level 1 of the Abyss (Erolcha)
  8140 | Abyss:1  | Found a corrupted altar of Lugonu.
  8149 | Abyss:1  | Found a corrupted altar of Lugonu.
  8182 | Abyss:1  | Noticed a wretched star
  8189 | Abyss:1  | Killed a wretched star
  8203 | Abyss:1  | Noticed a sixfirhy
  8208 | Abyss:1  | Killed a sixfirhy
  8413 | Abyss:1  | Noticed a sixfirhy
  8425 | Abyss:1  | Killed a sixfirhy
  8426 | Abyss:1  | Reached skill level 10 in Armour
  8508 | Abyss:1  | Noticed a tentacled starspawn
  8520 | Abyss:1  | Killed a tentacled starspawn
  8551 | Abyss:1  | Noticed a brown very ugly thing
  8551 | Abyss:1  | Noticed a tentacled starspawn
  8553 | D:9      | Escaped the Abyss
  8569 | D:9      | Killed Erolcha
  8570 | D:9      | Reached skill level 5 in Invocations
  8786 | D:9      | Noticed Maggie
  8797 | D:9      | Killed Maggie
  9209 | D:7      | Killed qeuew's ghost
  9450 | D:8      | Killed a white ugly thing
  9451 | D:8      | Killed a red ugly thing
  9452 | D:8      | Reached XP level 12. HP: 67/110 MP: 8/15
  9464 | D:8      | Found a runed translucent gate.
  9464 | D:8      | Found a runed translucent gate.
  9465 | D:8      | Noticed an entropy weaver
  9467 | D:8      | Noticed jejorda2's ghost (novice MfBe)
  9469 | D:8      | Found a runed translucent gate.
  9630 | D:8      | Killed jejorda2's ghost
  9713 | D:8      | Identified the -2 pair of boots of the Trout {rF- Will+
                  | MP+9}
  9807 | D:9      | Killed SingularityParadox's ghost
  9816 | D:9      | Killed a boulder beetle
  9965 | Lair:1   | Entered Level 1 of the Lair of Beasts
 10233 | Lair:1   | Noticed Amaemon
 10244 | Lair:1   | Killed Amaemon
 11723 | Lair:3   | Found a staircase to the Snake Pit.
 11943 | Lair:3   | Noticed a six-headed hydra
 11950 | Lair:3   | Killed a seven-headed hydra
 11951 | Lair:3   | Reached XP level 13. HP: 86/119 MP: 9/18
 12305 | Lair:3   | Found a staircase to the Shoals.
 13272 | Lair:4   | Identified the +1 ring mail "Deikis" {+Blink rElec rF+
                  | rN++}
 13341 | Lair:4   | Found a radiant altar of Vehumet.
 14232 | Lair:5   | Entered Level 5 of the Lair of Beasts
 14328 | Lair:5   | Found a staircase to the Slime Pits.
 14329 | Lair:5   | Found a viscous altar of Jiyva.
 14530 | Lair:5   | Gained mutation: Your mind is acute. (Int +4, Str/Dex -1)
                  | [potion of mutation]
 14530 | Lair:5   | Gained mutation: You are partially covered in large bone
                  | plates. (SH +4) [potion of mutation]
 14530 | Lair:5   | Gained mutation: You have a pair of large horns on your
                  | head. [potion of mutation]
 14530 | Lair:5   | Gained mutation: Your muscles are strong. (Str +4, Int/Dex
                  | -1) [potion of mutation]
 14562 | Lair:5   | Found a runed translucent door.
 14839 | Lair:5   | Paralysed by a hornet for 3 turns
 15061 | Lair:5   | Reached skill level 1 in Shields
 15061 | Lair:5   | Reached skill level 10 in Invocations
 15061 | Lair:5   | Reached XP level 14. HP: 19/133 MP: 12/20
 15556 | Lair:5   | Reached skill level 15 in Fighting
 15816 | Lair:5   | Noticed Nessos
 15823 | Lair:5   | Killed Nessos
 16302 | Orc:1    | Entered Level 1 of the Orcish Mines
 16621 | Orc:1    | Found Vunul's Weapon Shoppe.
 16818 | Orc:2    | Entered Level 2 of the Orcish Mines
 16958 | Orc:2    | Found Woyc's Magic Scroll Emporium.
 16966 | Orc:2    | Bought a scroll of brand weapon for 152 gold pieces
 16966 | Orc:2    | Bought a scroll of teleportation for 48 gold pieces
 16966 | Orc:2    | Bought a scroll of summoning for 152 gold pieces
 16966 | Orc:2    | Bought a scroll of teleportation for 48 gold pieces
 16966 | Orc:2    | Bought a scroll of teleportation for 48 gold pieces
 17386 | Orc:2    | The Shining One protects you from harm!
 17412 | Orc:2    | HP: 5/135 [sun demon[an orc high priest] (19)]
 17414 | Orc:2    | The Shining One protects you from harm!
 17419 | Orc:2    | The Shining One protects you from harm!
 17728 | Orc:2    | Found a staircase to the Elven Halls.
 17861 | Orc:2    | Paralysed by an orc sorcerer for 2 turns
 17883 | Orc:2    | Found Burghex's Weapon Shoppe.
 17883 | Orc:2    | Found Iwiquh's Antique Weapon Shop.
 17885 | Orc:2    | Found Mopopruh's General Store.
 17885 | Orc:2    | Found Jyociym's Jewellery Shop.
 17893 | Orc:2    | Bought 2 potions of resistance for 360 gold pieces
 17893 | Orc:2    | Bought a scroll of teleportation for 54 gold pieces
 18018 | Orc:2    | Bought the ring of Jealousy {Drain rElec rN+ Str+8 SInv}
                  | for 488 gold pieces
 18267 | D:10     | Entered Level 10 of the Dungeon
 18477 | D:10     | Identified the +10 rapier of Asen Oku {heavy, Will+ rCorr
                  | Int+3}
 18508 | D:10     | Reached skill level 15 in Armour
 18633 | D:10     | Identified the +2 pair of boots of Pumpad Hiba {Contam
                  | rPois Will+}
 19353 | D:11     | Noticed cheesebisquit's ghost (journeyman TrGl)
 19354 | D:11     | Found a runed translucent door.
 19354 | D:11     | Identified the +2 spear of Integrity {drain, Will- Str+3
                  | Int+3 Stlth+}
 19488 | D:11     | Noticed Psyche
 19490 | D:11     | Killed Psyche
 19696 | D:11     | Noticed Nergalle
 19698 | D:11     | Killed Nergalle
 19699 | D:11     | Reached skill level 5 in Shields
 19965 | D:11     | Killed cheesebisquit's ghost
 20264 | Snake:1  | Entered Level 1 of the Snake Pit
 20712 | Snake:1  | Reached XP level 15. HP: 60/145 MP: 22/22
 22283 | Snake:2  | Noticed Aizul
 22296 | Snake:2  | Killed Aizul
 23517 | Snake:3  | Noticed a nagaraja
 23522 | Snake:3  | Killed a nagaraja
 23621 | Snake:3  | Reached skill level 10 in Shields
 23892 | Snake:3  | Noticed Qiytos's ghost (adept MiMo)
 23895 | Snake:3  | Found a runed translucent door.
 23935 | Snake:3  | Found Korufuth's Jewellery Shoppe.
 23939 | Snake:3  | Found Hokamez's Distillery.
 23945 | Snake:3  | Bought a potion of curing for 54 gold pieces
 23945 | Snake:3  | Bought a potion of curing for 54 gold pieces
 23945 | Snake:3  | Bought a potion of curing for 54 gold pieces
 23945 | Snake:3  | Bought a potion of curing for 54 gold pieces
 23945 | Snake:3  | Bought a potion of curing for 54 gold pieces
 24357 | Snake:3  | Killed Qiytos's ghost
 24392 | Snake:4  | Entered Level 4 of the Snake Pit
 24591 | Snake:4  | Found Gal Sah's General Store.
 24591 | Snake:4  | Found Eppaxa's Magic Scroll Emporium.
 24591 | Snake:4  | Found Ibuckonu's Armour Emporium.
 24592 | Snake:4  | Found Massutab's Book Emporium.
 24599 | Snake:4  | Bought a scroll of summoning for 161 gold pieces
 24599 | Snake:4  | Bought a scroll of enchant armour for 127 gold pieces
 24776 | Snake:4  | Reached XP level 16. HP: 146/155 MP: 23/23
 26322 | Snake:4  | Got a serpentine rune of Zot
 26640 | Shoals:1 | Entered Level 1 of the Shoals
 27013 | Shoals:1 | Found Iteg's Firing Range.
 27614 | Shoals:2 | Reached skill level 15 in Shields
 28122 | Shoals:2 | Found a runed translucent door.
 28127 | Shoals:2 | Noticed Busoho's ghost (adept MiFi)
 28146 | Shoals:2 | Killed Busoho's ghost
 28238 | Shoals:2 | Reached ****** piety under the Shining One
 28473 | Shoals:2 | Identified a +6 broad axe of holy wrath (a +4 heavy broad
                  | axe blessed by the Shining One)
 28473 | Shoals:2 | Received a gift from the Shining One
 29270 | Shoals:3 | Reached XP level 17. HP: 151/166 MP: 25/25
 29832 | Shoals:4 | Entered Level 4 of the Shoals
 29832 | Shoals:4 | Noticed Mara
 29838 | Shoals:4 | Noticed superbruh's illusion
 29841 | Shoals:4 | Killed Mara
 29978 | Shoals:4 | Noticed Polyphemus
 30001 | Shoals:4 | Killed Polyphemus
 30303 | Shoals:4 | Identified the ring of Lies {MP+9 Str-5 Int-5 Dex+8}
 30338 | Shoals:4 | Found the +5 Lochaber axe {reach-cleave, Poleaxe Drain}
 30445 | Shoals:4 | Noticed Louise
 30457 | Shoals:4 | Killed Louise
 30779 | Shoals:4 | Got a barnacled rune of Zot
 30860 | Shoals:4 | Identified the ring "Gyef" {rPois Int+6}
 31393 | Shoals:4 | Found the +8 trishula "Condemnation" {holy, anguish, *Noise
                  | Fly rN+}
 32361 | D:12     | Identified the +0 trident "Sigusec" {protect, Dex+3 Stlth+}
 32760 | D:12     | Identified the +4 scale mail of the Unbroken {Contam Drain
                  | +Inv SInv}
 33461 | D:14     | Found an iron altar of Okawaru.
 33678 | D:14     | Reached XP level 18. HP: 161/176 MP: 23/26
 33803 | D:14     | Found a gate to the Vaults.
 34302 | D:15     | Entered Level 15 of the Dungeon
 34424 | D:15     | Noticed Josephine
 34436 | D:15     | Killed Josephine
 34537 | D:15     | Found a gate leading to a gauntlet.
 34558 | Gauntlet | Entered a Gauntlet
 34558 | Gauntlet | Found a transporter.
 34558 | Gauntlet | Found a runed translucent door.
 34558 | Gauntlet | Found a transporter.
 34559 | Gauntlet | Found a runed translucent door.
 34560 | Gauntlet | Found a transporter.
 34561 | Gauntlet | Found a transporter.
 34564 | Gauntlet | Found a transporter.
 34564 | Gauntlet | Found a transporter.
 34592 | Gauntlet | Found a transporter.
 34596 | Gauntlet | Found a transporter.
 34648 | Gauntlet | Found a transporter.
 34649 | Gauntlet | Found a transporter.
 34679 | Gauntlet | Reached XP level 19. HP: 183/183 MP: 27/27
 34686 | Gauntlet | Found a runed translucent gate.
 34687 | Gauntlet | Found a runed translucent gate.
 34688 | Gauntlet | Found a runed translucent gate.
 34703 | Gauntlet | Found a transporter.
 34703 | Gauntlet | Found a transporter.
 34728 | Gauntlet | Identified the +1 cloak of Ethoder {Str+5 Dex+5}
 34760 | Gauntlet | Identified the +0 plate armour "Viyskuh" {rElec rPois rC+}
 34760 | Gauntlet | Identified the +5 long sword of Oenomania {elec, Dex+2}
 34988 | D:15     | Found a staircase to the Depths.
 35274 | Vaults:1 | Entered Level 1 of the Vaults
 35584 | Vaults:1 | Found Qefisep's General Store.
 35586 | Vaults:1 | Found Hegape's Antique Weapon Shoppe.
 35602 | Vaults:1 | Bought a scroll of enchant armour for 135 gold pieces
 35965 | Vaults:1 | Found Votileb's Jewellery Shoppe.
 35968 | Vaults:1 | Bought the amulet of the Voracious Eggfruit {Reflect rElec
                  | rPois Int-3 Dex-2 SH+5} for 527 gold pieces
 36110 | Vaults:1 | Reached XP level 20. HP: 188/193 MP: 28/28
 38922 | Vaults:3 | Reached XP level 21. HP: 204/204 MP: 29/29
 38984 | Vaults:3 | Got the Papyrus of Despair and Orientation
 38989 | Vaults:3 | Found a staircase to the Crypt.
 39079 | Vaults:3 | Identified the +5 arbalest of Qazlal's Generosity {freeze,
                  | Str+3}
 39199 | Vaults:3 | Found Guodoumo's Antique Weapon Emporium.
 39902 | Vaults:4 | Found Loequt's Assorted Antiques.
 41304 | Elf:1    | Entered Level 1 of the Elven Halls
 41430 | Elf:1    | Found Lapho's Book Shop.
 41723 | Elf:1    | Got the Opusculum on Displaced Energy
 42174 | Elf:1    | Paralysed by an air elemental for 1 turns
 42339 | Elf:2    | Found Fuewopaq's Tiny Tomes.
 42683 | Elf:2    | Found Gemufrin's Jewellery Shop.
 42820 | Elf:2    | Found a runed translucent gate.
 42820 | Elf:2    | Found a runed translucent gate.
 42828 | Elf:2    | Found a runed translucent gate.
 42893 | Elf:2    | Reached XP level 22. HP: 215/216 MP: 31/31
 43462 | Elf:3    | Entered Level 3 of the Elven Halls
 43880 | Elf:3    | Found a large runed translucent door.
 43880 | Elf:3    | Found a large runed translucent door.
 43882 | Elf:3    | Noticed mattengel8991's ghost (adept DsGl)
 44016 | Elf:3    | Found a gateway to a bazaar.
 44068 | Bazaar   | Entered a bazaar
 44068 | Bazaar   | Found Ceeh's Jewellery Shoppe.
 44068 | Bazaar   | Found Edeplo's Armour Shop.
 44068 | Bazaar   | Found Tearphec's Jewellery Shoppe.
 44350 | Bazaar   | Found Ilaojuir's Antique Weapon Shop.
 44350 | Bazaar   | Found Sics's Magic Scroll Emporium.
 44372 | Bazaar   | Bought a +0 crystal plate armour for 1120 gold pieces
 44390 | Bazaar   | Bought a scroll of acquirement for 520 gold pieces
 44395 | Bazaar   | Acquired a manual of Polearms
 44772 | Elf:3    | Identified the ring "Begexe Uwke" {rElec rC+ Dex+3 SInv}
 44838 | Elf:3    | Found the +7 Spriggan's Knife {stab, EV+4 Stlth+}
 44842 | Elf:3    | Identified the +7 plate armour of the Harvest {rPois MP-9
                  | Str+2}
 44858 | Elf:3    | Got Sif Muna's Tractate on the Flock
 44871 | Elf:3    | Identified the +5 hand axe "Qeceunne" {drain, rPois Str+2}
 44874 | Elf:3    | Got Fouz's Anthology of the Unified Brume
 44875 | Elf:3    | Identified the ring "Dumuddu" {rPois Dex+5 SInv}
 44877 | Elf:3    | Identified the +4 plate armour of Cowardice {*Corrode rN+
                  | Str+4}
 44878 | Elf:3    | Identified the +5 ring mail of the Snail {rPois Str+3}
 44928 | Elf:3    | Identified the staff of fire "Qoutuipp" {rPois rF+ Int+4}
 44933 | Elf:3    | Got the Encyclopedia of Accomplices and the Birds
 45372 | Elf:3    | Killed mattengel8991's ghost
 45385 | Elf:3    | Identified the staff of conjuration "Colono" {Dex+3}
 45709 | Depths:1 | Entered Level 1 of the Depths
 45709 | Depths:1 | Found a runed translucent door.
 45720 | Depths:1 | Noticed Olanal's ghost (veteran AtFi)
 45857 | Depths:1 | Found a one-way gate leading to the halls of Pandemonium.
 45883 | Depths:1 | Found a stormy altar of Qazlal.
 45918 | Depths:1 | Found a gateway to Hell.
 45953 | Depths:1 | Found a one-way gate to the infinite horrors of the Abyss.
 46476 | Depths:2 | You fall into a shaft and drop 1 floor!
 46618 | Depths:3 | Noticed a caustic shrike
 46620 | Depths:3 | Noticed a golden dragon
 46636 | Depths:3 | Found a hide-covered altar of Uskayaw.
 46771 | Depths:3 | Reached XP level 23. HP: 151/227 MP: 31/33
 46780 | Depths:3 | Killed a caustic shrike
 46786 | Depths:3 | Reached skill level 15 in Invocations
 48041 | Depths:2 | Found a transporter.
 48680 | Depths:2 | Noticed Sojobo
 48688 | Depths:2 | Killed Sojobo
 48689 | Depths:2 | Reached skill level 27 in Shields
 49036 | Depths:2 | Found a shimmering blue altar of Sif Muna.
 49149 | Depths:2 | Identified the amulet of the Thistle {RegenMP Harm Regen+
                  | Stlth+}
 49473 | Depths:2 | Found a transporter.
 49483 | Depths:2 | Identified the +1 pair of gloves "Daohor" {MP-9 Str+3
                  | Dex+3}
 49496 | Depths:2 | Identified the ring "Boapueno" {Fire rElec Will- Int+4
                  | SInv}
 49573 | Depths:4 | Entered Level 4 of the Depths
 49586 | Depths:4 | Found a one-way gateway to a ziggurat.
 49590 | Depths:4 | Identified the +7 mace of Huczupi {antimagic, rElec rF+
                  | Will- Str+3}
 49723 | Depths:4 | Identified the +2 shortbow "Juifrid" {flame, rF+ rC+ rN+
                  | Will-}
 50121 | Depths:4 | Found a gate to the Realm of Zot.
 50938 | Vaults:5 | Entered Level 5 of the Vaults
 50987 | Vaults:5 | Reached XP level 24. HP: 208/239 MP: 25/34
 51086 | Vaults:5 | Noticed a dread lich
 51095 | Vaults:5 | Killed a dread lich
 51217 | Vaults:5 | Identified the +8 broad axe "Raisin" {freeze, rPois rF+
                  | Int+3 Dex-2}
 51253 | Vaults:5 | Identified the ring of Otixzexe {rF+ rC+}
 51255 | Vaults:5 | Identified the +3 hand axe of the Scorned {antimagic, rPois
                  | rF+ rC++ Int-2}
 51443 | Vaults:5 | Identified the +3 halberd "Geikoat" {venom, SInv}
 51547 | Vaults:5 | Identified the ring "Ytwujuenu" {MP+9 AC+4 Dex+3}
 51908 | Vaults:5 | Identified the +1 broad axe "Iwkyw" {pain, rPois}
 52330 | Vaults:5 | Got a silver rune of Zot
 52340 | Vaults:5 | Got the Secrets of Ointment
 52547 | Vaults:5 | Identified the staff of conjuration "Ygiron Huxo" {Str+3
                  | Stlth+}
 53029 | Zot:1    | Entered Level 1 of the Realm of Zot
 53303 | Zot:1    | Noticed an orb of fire
 53320 | Zot:1    | Killed an orb of fire
 53321 | Zot:1    | Identified the +2 tower shield of Lotzos {rF+ Str-3 Dex+6}
 53362 | Zot:1    | Identified the +6 short sword of Bankruptcy {flame, Int-2
                  | Dex+4}
 53363 | Zot:1    | Got the Parchment of The Black Sun
 53659 | Zot:2    | Reached XP level 25. HP: 227/253 MP: 34/34
 53872 | Zot:2    | Identified the +4 kite shield of Darkness {rPois Will+
                  | Dex-3}
 54873 | Zot:3    | Found a transporter.
 54890 | Zot:3    | Found a transporter.
 54892 | Zot:3    | Found a transporter.
 54933 | Zot:3    | Found a transporter.
 56060 | Zot:4    | Reached skill level 27 in Fighting
 56615 | Zot:5    | Entered Level 5 of the Realm of Zot
 57495 | Zot:5    | Noticed an ancient lich
 57495 | Zot:5    | Noticed an orb of fire
 57495 | Zot:5    | Noticed a Killer Klown
 57495 | Zot:5    | Noticed a Killer Klown
 57495 | Zot:5    | Noticed a dread lich
 57508 | Zot:5    | Killed an ancient lich
 57512 | Zot:5    | Gained mutation: You have hidden genetic defects. [an orb
                  | of fire]
 57514 | Zot:5    | Killed a dread lich
 57516 | Zot:5    | Killed a Killer Klown
 57517 | Zot:5    | Reached XP level 26. HP: 173/266 MP: 35/35
 57519 | Zot:5    | Killed an orb of fire
 57552 | Zot:5    | Noticed an ancient lich
 57560 | Zot:5    | Killed an ancient lich
 57572 | Zot:5    | Lost mutation: Your mind is acute. (Int +4, Str/Dex -1)
                  | [hidden defects]
 57595 | Zot:5    | Reached skill level 27 in Axes
 57595 | Zot:5    | Noticed an orb of fire
 57604 | Zot:5    | Noticed an orb of fire
 57609 | Zot:5    | Gained mutation: You are dopey. (Int -2) [an orb of fire]
 57609 | Zot:5    | Noticed an ancient lich
 57611 | Zot:5    | Gained mutation: You are occasionally teleported next to
                  | monsters. [an orb of fire]
 57613 | Zot:5    | Gained mutation: You are vulnerable to heat. (rF-) [an orb
                  | of fire]
 57619 | Zot:5    | Killed an orb of fire
 57619 | Zot:5    | Gained mutation: You are clumsy. (Dex -2) [an orb of fire]
 57619 | Zot:5    | Gained mutation: You are frail. (-10% HP) [an orb of fire]
 57620 | Zot:5    | Noticed an orb of fire
 57620 | Zot:5    | Gained mutation: You sometimes lose your temper in combat.
                  | [an orb of fire]
 57624 | Zot:5    | Killed an orb of fire
 57630 | Zot:5    | Killed an ancient lich
 57634 | Zot:5    | Killed an orb of fire
 57635 | Zot:5    | Noticed an ancient lich
 57636 | Zot:5    | Gained mutation: You are very clumsy. (Dex -4) [hidden
                  | defects]
 57636 | Zot:5    | Lost mutation: You have hidden genetic defects. [hidden
                  | defects expressed]
 57638 | Zot:5    | Killed from afar by a purple draconian shifter

Illustrated notes

Levels and vault maps discovered:
D:1:      ncdulo_watergridlock, layout_basic
D:2:      layout_loops_corners, basic_ecumenical_altar
D:3:      layout_basic
D:4:      layout_rooms, mainiacjoe_overflow_surrounded_room,
          minmay_temple_entry_gardened_gates, nzn_random_ring, uniq_edmund,
          uniq_robin
D:5:      layout_loops_ring, dreamdust_princess_corridor, uniq_sigmund
D:6:      layout_loops_ring, nicolae_eternal_life, corexii_corridor_pit,
          uniq_grinder
D:7:      layout_gridville, ebering_ghost_disaster_area, minmay_misc_feat_five
D:8:      layout_loops_cross, grunt_temple_overflow_open,
          ploomutoo_gammafunk_ghost_potion_laboratory
D:9:      layout_irregular_city, due_lair_maze_entry_diamond, david_orc_4,
          ebering_ghost_gozag, uniq_erolcha, uniq_maggie, uniq_gastronok,
          uniq_maurice
D:10:     layout_irregular_city, nicolae_zen_rock_garden
D:11:     layout_grid_maze, ebering_ghost_funeral_grove, serial_rivers,
          chequers_serial_rivers_room_b, chequers_serial_rivers_small_a,
          chequers_serial_rivers_micro_d, chequers_serial_rivers_small_3,
          uniq_nergalle, uniq_psyche
D:12:     nzn_winding_woodlands_three_and_one
          [nzn_winding_woodlands_5x15_concentric,
          nzn_winding_woodlands_5x15_pool, nzn_winding_woodlands_5x15_longhouse,
          nzn_winding_woodlands_center_garden], layout_loops_ring,
          hangedman_abyss_or_decor_slice, grunt_ministairs_5, minmay_holes
D:13:     layout_roguey
D:14:     layout_loops_ring, grunt_vaults_entry_fortified, abandoned_shop,
          okawaru_gym_becter
D:15:     grunt_enter_depths_magical_seal, layout_cave_pools,
          gauntlet_entry_generic, minmay_misc_feat_tower, uniq_josephine
Temple:   hellmonk_temple_divided_pantheon
Lair:1:   layout_loops_ring, worms_lemuel, infiniplex_staircase_pool,
          lemuel_fruit_tree, uniq_amaemon
Lair:2:   layout_misc_corridors
Lair:3:   layout_chaotic_city, minmay_shoals_entry_hut,
          nicolae_snake_entry_warm_welcome
Lair:4:   layout_loops_ring, basic_altar
Lair:5:   wormcave, layout_gridlike, slime_entry_1, uniq_nessos
Shoals:1: layout_shoals, nicolae_shop_firing_range
Shoals:2: layout_shoals, ebering_ghost_reflecting_pool,
          nicolae_shoals_hunting_party
Shoals:3: layout_shoals, uniq_donald
Shoals:4: shoals_end_simple, layout_shoals, uniq_polyphemus, uniq_mara,
          uniq_louise
Snake:1:  layout_chambers
Snake:2:  layout_onion_interference, nicolae_snake_yet_another_twisty_hallway,
          nicolae_snake_gridmaze_big_u, hangedman_snake_corridor_cut, uniq_aizul
Snake:3:  layout_misc_corridors, hellmonk_ghost_happy_afterlife,
          nicolae_snake_double_loop, serial_bayou_pond_a, st_stairs_13,
          minmay_shoptagon
Snake:4:  johnstein_snake_rune_scales, layout_chambers, minmay_shop_grid_forest,
          nicolae_triple_integral
Orc:1:    layout_diamond_mine, serial_shops, shop
Orc:2:    grunt_orc_tribal_feast, layout_caves, basic_altar, serial_shops, shop
Elf:1:    eino_elf_arrival_sip, layout_loops_cross, serial_shops,
          nicolae_shop_mannequins, hangedman_elf_represent, evilmike_minifort
Elf:2:    elven_hall_of_blades_hangedman_original [grunt_blade_entry_basic],
          layout_loops_corners, serial_shops, shop,
          nicolae_shop_i_like_small_books_too
Elf:3:    minmay_elf_hall_dome, layout_loops_corners, serial_shops, statue_bzr,
          ebering_ghost_disaster_area, dreamdust_princess_bridge
Vaults:1: v_misc_14, ontoclasm_vaults_tryst, nicolae_vaults_network_s,
          ontoclasm_vaults_decontamination, nicolae_vaults_angled_halls,
          v_pattern_3, serial_ice_b, v_misc_23, nicolae_vaults_an_arrangement,
          nicolae_vaults_trapezoid_lopsided_1,
          nicolae_vaults_heart-shaped_vault, ontoclasm_vaults_chip,
          layout_vaults_omnicross, serial_shops, shop, nicolae_shop_crystal,
          nicolae_shop_window_shopping
Vaults:2: nicolae_vaults_network_star, nicolae_vaults_stepped_doors,
          grunt_vaults_twisty, nicolae_vaults_specimen_jars,
          nicolae_vaults_windows_and_doors_thing,
          nicolae_vaults_closet_pinwheel_1, hangedman_vaults_stretched_pinwheel,
          ontoclasm_vaults_idyll, nicolae_vaults_storage_room_statues,
          nicolae_vaults_variable_pillar_hall, nicolae_vaults_tetromino_T_2,
          layout_vaults_omnigrid
Vaults:3: nicolae_vaults_yaktaur_gun_rack, v_misc_4, nicolae_vaults_diamond_2,
          nicolae_vaults_what_the_h, nicolae_vaults_little_squares_4,
          nicolae_vaults_diagonal_hallway_9, minmay_crypt_entry_simple_statues,
          nicolae_vaults_tetromino_Z_1, layout_vaults_chaotic_city,
          serial_shops, nicolae_shop_waterfront
Vaults:4: v_misc_13, dpeg_vaults_monster_box, nicolae_vaults_inception_corners,
          v_misc_2, nicolae_vaults_trapezoid_2, v_misc_1, grunt_vaults_funnel,
          vaults_dpeg_cross, st_more_cells, nicolae_vaults_door_testing_chamber,
          nicolae_vaults_double_plus_2, nicolae_vaults_trapezoid_1,
          nicolae_vaults_tetromino_L_1, nicolae_vaults_double_plus_2,
          layout_vaults_omnibox, serial_shops, shop
Vaults:5: serial_shops
Depths:1: layout_cave_pools, abyss_entry, muffindrake_ghost_dead_mans_drink,
          hell_entry, nicolae_concentric_dashed_squares_wild, pan_entry,
          serial_column_ruins, column_ruins_portal_squares,
          column_ruins_circle_medium, column_ruins_hut, column_ruins_open_tiny,
          column_ruins_open_medium_water, column_ruins_grid_3,
          grunt_qazlal_clouds
Depths:2: gammafunk_the_bubble [the_bubble_gammafunk_crates], layout_basic,
          special_room [special_room_mythical_zoo], hell_entry,
          rand_demon_pan_entry_5, serial_bayou_pond_d, hangedman_summoners_spam,
          uniq_sojobo
Depths:3: minmay_big_diamond_grid, layout_gridlike, hell_entry, serial_glass,
          glass_columns_a, glass_columns_b, glass_columns_a, glass_columns_c,
          abyss_entry, kennysheep_another_room, eat_drink_and_be_merry_uskayaw,
          infiniplex_staircase_hallway_doors
Depths:4: evilmike_zot_entry_diamond, layout_basic, enter_ziggurat_f,
          grunt_pan_entry_spiral, nicolae_figureground_pulse, pf_coc_iceberg,
          drop_trap
Zot:1:    dreamdust_black_sun_cult, layout_onion_interference,
          grunt_megastairs_1
Zot:2:    layout_misc_corridors, lemuel_lich_library
Zot:3:    layout_cellular_growth, nicolae_diode_quadrants
Zot:4:    kennysheep_spiral_hall, layout_onion
Zot:5:    layout_gridlike

Skill      XL: |  1  2  3  4  5  6  7  8  9 10 11 12 13 14 15 16 17 18 19 20 21 22 23 24 25 26 |
---------------+-------------------------------------------------------------------------------+-----
Fighting       | 4 5 6 8 10 11 12 14 16 17 18 19 20 21 22 23 24 26 27 | 27.0
Axes           | 4 5 6 8 10 12 14 16 17 18 19 20 21 22 24 26 27 | 27.0
Dodging        | 4 5 6 8 9 |  9.1
Armour         | 1 2 4 5 6 8 9 10 11 14 15 16 17 18 19 20 21 | 21.6
Stealth        | 1 |  1.9
Invocations    | 2 5 8 10 11 12 13 14 16 17 19 | 19.9
Shields        | 1 5 11 16 19 20 21 23 25 26 27 | 27.0

Action                     |  1- 3 |  4- 6 |  7- 9 | 10-12 | 13-15 | 16-18 | 19-21 | 22-24 | 25-27 || total
---------------------------+-------+-------+-------+-------+-------+-------+-------+-------+-------++-------
  Melee: Hand axe          |    78 |    59 |    48 |       |       |       |       |       |       ||   185
         Headbutt          |    12 |    11 |    59 |   126 |   202 |   245 |   314 |   432 |   192 ||  1593
         War axe           |       |       |   172 |   472 |   435 |       |       |       |       ||  1079
         Broad axe         |       |       |       |       |   254 |   908 |  1010 |  1223 |   475 ||  3870
 Invoke: Divine Shield     |       |       |       |     3 |     4 |     6 |     9 |    13 |     7 ||    42
         Summon Divine War |       |       |       |     4 |     7 |     4 |       |    15 |     4 ||    34
         Cleansing Flame   |       |       |       |     3 |     5 |     5 |     1 |     3 |     2 ||    19
         Brand Weapon With |       |       |       |       |       |     1 |       |       |       ||     1
  Evoke: Wand              |       |       |       |     1 |     5 |     7 |       |     2 |       ||    15
         Tin of tremorston |       |       |       |       |     2 |       |       |       |       ||     2
         Piece from Xom's  |       |       |       |       |       |     3 |       |     3 |       ||     6
         Phantom mirror    |       |       |       |       |       |     2 |     1 |     2 |       ||     5
         Box of beasts     |       |       |       |       |       |     2 |       |     1 |       ||     3
    Use: Scroll            |     7 |     2 |     3 |     5 |    15 |     9 |     6 |    16 |     3 ||    66
         Potion            |     4 |     5 |     6 |     8 |    18 |    17 |       |    11 |     7 ||    76
 Armour: Robe              |     6 |       |       |       |       |       |       |       |       ||     6
         Chain mail        |     8 |    33 |   133 |   160 |       |       |       |       |       ||   334
         Plate armour      |       |       |       |    73 |   413 |   374 |   175 |    24 |       ||  1059
         Crystal plate arm |       |       |       |       |       |       |       |    66 |       ||    66
         Gold dragon scale |       |       |       |       |       |       |       |   200 |   150 ||   350
  Dodge: Dodged            |    46 |    29 |    98 |   185 |   234 |   212 |   126 |   171 |   107 ||  1208
  Block: Orb               |       |       |       |     6 |       |       |       |       |       ||     6
         Buckler           |       |       |       |       |   148 |       |       |       |       ||   148
         Tower shield      |       |       |       |       |   229 |  1157 |  1079 |  1457 |   721 ||  4643
         Reflection        |       |       |       |       |       |       |   151 |    91 |    18 ||   260

Table legend: (Time is in decaauts)
 A = Elapsed time spent in this place.
 B = Non-inter-level travel time spent in this place.
 C = Inter-level travel time spent in this place.
 D = Time resting spent in this place.
 E = Time spent auto-exploring this place.
 F = Levels seen in this place.
 G = Mean time per level.
                   A        B        C        D        E       F      G
               +--------+--------+--------+--------+--------+-----+--------+
         Total |  57047 |  52601 |   4446 |      0 |  43290 |  51 | 1118.6 |
       Dungeon |  15218 |  13541 |   1677 |      0 |  11386 |  15 | 1014.5 |
        Temple |     70 |     20 |     50 |      0 |      6 |   1 |   70.0 |
          Lair |   6504 |   6067 |    437 |      0 |   5359 |   5 | 1300.8 |
        Shoals |   5322 |   5114 |    208 |      0 |   4112 |   4 | 1330.5 |
     Snake Pit |   6207 |   5919 |    288 |      0 |   5187 |   4 | 1551.8 |
  Orcish Mines |   1981 |   1779 |    202 |      0 |   1489 |   2 |  990.5 |
   Elven Halls |   3728 |   3544 |    184 |      0 |   2740 |   3 | 1242.7 |
        Vaults |   7581 |   6977 |    604 |      0 |   5433 |   5 | 1516.2 |
        Depths |   5000 |   4614 |    386 |      0 |   3663 |   4 | 1250.0 |
           Zot |   4438 |   4033 |    405 |      0 |   3265 |   5 |  887.6 |
         Abyss |    405 |    405 |      0 |      0 |    298 |   1 |  405.0 |
        Bazaar |    337 |    337 |      0 |      0 |    309 |   1 |  337.0 |
      Gauntlet |    250 |    250 |      0 |      0 |     39 |   1 |  250.0 |
               +--------+--------+--------+--------+--------+-----+--------+

Top non-repeatable levels by time:
 Snake:4: 2190 daAuts
  Lair:5: 1911 daAuts
Shoals:4: 1836 daAuts
Depths:2: 1829 daAuts
     D:9: 1822 daAuts
  Lair:3: 1725 daAuts
Vaults:2: 1724 daAuts
 Snake:1: 1713 daAuts
Vaults:3: 1663 daAuts
Vaults:5: 1645 daAuts
   Elf:3: 1587 daAuts
Depths:3: 1524 daAuts
Shoals:2: 1452 daAuts
 Snake:2: 1401 daAuts
Vaults:4: 1388 daAuts
